 Dungeon Crawl Stone Soup version 0.20.0-10-g0535bb4 (webtiles) character file.

74 grindst0ne the Sneak (level 4, -4/29 HPs)
             Began as an Octopode Assassin on June 3, 2017.
             Shot with a stone by a goblin (6 damage)
             ... led by Robin
             ... on level 2 of the Dungeon.
             The game lasted 00:02:18 (1628 turns).

grindst0ne the Sneak (Octopode Assassin)            Turns: 1628, Time: 00:02:18

Health: -4/29      AC:  1    Str: 10    XL:     4   Next: 28%
Magic:  4/4        EV: 20    Int: 13    God:
Gold:   73         SH:  0    Dex: 19    Spells: 3/3 levels left

rFire    + . .     SeeInvis .   a - +2 dagger
rCold    + . .     Gourm    .   (no shield)
rNeg     . . .     Faith    .   (helmet restricted)
rPois    +         Spirit   .   (no amulet)
rElec    +         Reflect  .   (no ring)
rCorr    +         Harm     .   (no ring)
MR       .....                  (no ring)
Stlth    ++++++....             (no ring)
Regen    0.1/turn               (no ring)
MPRegen  0.1/turn               (no ring)
                                (no ring)
                                (no ring)

@: agile, resistant, hasted, very quick
A: almost no armour, stealthy swim, amphibious, 8 rings, constrict 8, camouflage
1, gelatinous body 1
a: no special abilities


You were on level 2 of the Dungeon.
You were not hungry.

You visited 1 branch of the dungeon, and saw 2 of its levels.

You collected 73 gold pieces.

Inventory:

Hand Weapons
 a - a +2 dagger (weapon)
 b - a +0 blowgun
Missiles
 c - 25 poisoned needles
 d - 2 curare-tipped needles
Jewellery
 l - an uncursed ring of wizardry {unknown}
Scrolls
 e - 2 scrolls of identify {unknown}
 h - a scroll of remove curse {unknown}
 m - a scroll of enchant weapon {unknown}
 n - 2 scrolls of enchant armour {unknown}
 o - a scroll of teleportation {unknown}
 p - a scroll of blinking {unknown}
Comestibles
 f - a bread ration
 i - 2 royal jellies
 q - a meat ration
 r - a chunk of flesh


   Skills:
 - Level 2.0 Fighting
 - Level 2.0 Short Blades
 - Level 2.0 Throwing
 + Level 2.8 Dodging
 + Level 6.7 Stealth


You had 3 spell levels left.
You didn't know any spells.

Dungeon Overview and Level Annotations

Branches:
Dungeon (2/15)

Altars:


Innate Abilities, Weirdness & Mutations

You cannot wear most types of armour.
You are very stealthy in the water. (Stealth+)
You are amphibious.
You can wear up to eight rings at the same time.
You can use your tentacles to constrict eight enemies at once.
Your skin changes colour to match your surroundings (Stealth+).
Your rubbery body absorbs attacks. (AC +1, EV +1)


Message History

You hit Robin.
Robin is severely wounded.
You constrict Robin. You hit Robin.
You kill Robin!
The goblin no longer looks unusually strong.
The goblin closely misses you.
You barely miss the hobgoblin. You grab the hobgoblin.
You squeeze the hobgoblin.
You kill the hobgoblin!
You hit the goblin. You grab the goblin.
The goblin is severely wounded.
You constrict the goblin.
You kill the goblin!
The goblin shoots a stone.
The stone hits you.
* * * LOW HITPOINT WARNING * * *
You hit the goblin.
You kill the goblin!
The goblin shoots a stone.
The stone hits you.
You die...

#.............รท......#
#...#####..........###
#..................#
###
#.....[............#
...
####...............#
... #.....###########
... #.....# ###
#.....##### #....g)@)(#
#.....###.# #.....g...#
#####.ggg.# ......#
.#...... .. ......# ..
......# ### ####..#


You could see a goblin.

Vanquished Creatures
  Robin (D:2)
  An adder (D:2)
  An ooze (D:1)
  A worm (D:2)
  2 dart slugs
  5 bats (D:1)
  5 giant cockroaches
  6 goblins (D:2)
  8 hobgoblins
  4 jackals (D:1)
  A frilled lizard (D:2)
  2 kobolds (D:2)
  3 rats (D:1)
40 creatures vanquished.

Notes
Turn   | Place    | Note
-------+----------+-------------------------------------------
     0 | D:1      | grindst0ne the Octopode Assassin began the quest for the Orb.
     0 | D:1      | Reached XP level 1. HP: 14/14 MP: 1/1
    23 | D:1      | Reached XP level 2. HP: 12/19 MP: 2/2
   456 | D:1      | Reached skill level 6 in Stealth
   657 | D:1      | Reached XP level 3. HP: 24/24 MP: 3/3
  1600 | D:2      | Noticed Robin
  1616 | D:2      | Reached XP level 4. HP: 15/29 MP: 4/4
  1625 | D:2      | Killed Robin
  1628 | D:2      | Shot with a stone by a goblin

Skill      XL: |  1  2 |
---------------+-------+-----
Stealth        | 6 |  6.7
Dodging        | 2 |  2.8
Fighting       | |  2.0
Short Blades   | |  2.0
Throwing       | |  2.0

Action                   |  1- 3 |  4- 6 || total
-------------------------+-------+-------++-------
Melee: Dagger            |    59 |    10 ||    69
       Tentacles         |    11 |     2 ||    13
       Constrict         |    13 |     5 ||    18
  Use: Potion            |     2 |     2 ||     4
 Stab: Sleeping          |    13 |       ||    13
       Distracted        |     1 |       ||     1
  Eat: Chunk             |     2 |       ||     2
Armor: Skin              |     5 |     1 ||     6
Dodge: Dodged            |    46 |     9 ||    55
